 Dungeon Crawl Stone Soup version 0.29-a0-398-ge13fd1374b (webtiles) character file.

Game seed: 14533997862342458663

2270 marky1606 the Poker (level 9, -12/68 HPs)
             Began as a Demonspawn Wanderer on May 12, 2022.
             Was a Believer of Qazlal.
             Mangled by a seven-headed hydra (14 damage)
             ... on level 7 of the Dungeon.
             The game lasted 00:32:18 (4905 turns).

marky1606 the Poker (Demonspawn Wanderer)           Turns: 4905, Time: 00:32:19

Health: -12/68     AC:  7    Str: 14    XL:     9   Next: 16%
Magic:  9/9        EV: 15    Int: 11    God:    Qazlal [**....]
Gold:   354        SH:  2    Dex: 22    Spells: 8/8 levels left

rFire   . . .      SeeInvis .   r - +0 scythe
rCold   . . .      Faith    .   (shield currently unavailable)
rNeg    . . .      Spirit   .   e - +0 leather armour
rPois   +          Reflect  .   (no helmet)
rElec   .          Harm     .   (no cloak)
rCorr   .          Rampage  .   (no gloves)
Will    .....                   (no boots)
Stlth   +++.......              (no amulet)
HPRegen 0.21/turn               f - +4 ring of protection
MPRegen 0.11/turn               n - ring of poison resistance

@: no status effects
A: thin skeletal structure 2, powered by death 1, spiny 2
a: Renounce Religion, Upheaval


You were on level 7 of the Dungeon.
You worshipped Qazlal.
Qazlal was pleased with you.
You visited 2 branches of the dungeon, and saw 8 of its levels.
You also visited: Sewer.

You collected 354 gold pieces.

Inventory:

Hand Weapons
 a - a +2 quarterstaff
 b - a +0 short sword
 r - a +0 scythe (weapon)
Armour
 e - a +0 leather armour (worn)
Jewellery
 f - a +4 ring of protection (left hand)
 n - a ring of poison resistance (right hand)
 o - a ring of ice
 v - a ring of willpower
 y - a ring of protection from cold
Wands
 c - a wand of polymorph (14) (quivered)
Scrolls
 d - 2 scrolls of blinking
 i - a scroll of amnesia {unknown}
 j - a scroll of magic mapping {unknown}
 k - a scroll of silence {unknown}
 m - 2 scrolls of identify
 p - 2 scrolls of teleportation
Potions
 g - a potion of attraction {unknown}
 h - a potion of flight
 l - 2 potions of lignification {unknown}
 q - 3 potions of curing
 s - a potion of haste {unknown}
 t - 2 potions of invisibility {unknown}
 w - a potion of magic {unknown}
 x - a potion of cancellation {unknown}
 z - a potion of resistance {unknown}


   Skills:
 * Level 5.4 Fighting
 - Level 1.7 Short Blades
 * Level 7.2(7.4) Polearms
 - Level 2.6(5.3) Staves
 * Level 4.4 Armour
 * Level 4.9 Dodging
 + Level 0.1 Shields
 - Level 3.0 Evocations


You had 8 spell levels left.
You didn't know any spells.
Your spell library contained the following spells:

 Spells                   Type           Power      Damage    Failure   Level
 Apportation              Tloc           0%         N/A       41%         1
 Ensorcelled Hibernation  Hex/Ice        0%         N/A       54%         2
 Passwall                 Tmut/Erth      0%         N/A       54%         2
 Dazzling Flash           Conj/Hex       0%         N/A       78%         3
 Swiftness                Air            0%         N/A       78%         3
 Iskenderun's Mystic Bla  Conj/Tloc      0%         2d3       99%         4
 Summon Ice Beast         Ice/Summ       0%         N/A       99%         4
 Alistair's Intoxication  Tmut/Pois      0%         N/A       100%        5
 Summon Mana Viper        Hex/Summ       0%         N/A       100%        5
 Starburst                Conj/Fire      0%         6d3       100%        6
 Monstrous Menagerie      Summ           0%         N/A       100%        7


Dungeon Overview and Level Annotations

Branches:
Dungeon (7/15)             Temple (1/1) D:5           Sewer (visited)

Altars:
Cheibriados
Dithmenos
Fedhas
Hepliaklqana
Kikubaaqudgha
Makhleb
Okawaru
Qazlal
Xom
The Shining One

Shops:
D:7 [

Portals:
Abyss: D:3

Annotations:
D:3 thiscave3701365's ghost, amateur MiBe


Innate Abilities, Weirdness & Mutations

You have a moderately thin skeletal structure. (Dex +4, Stealth++)
You regenerate a little health from kills.
You are mostly covered in sharp spines.


Message History

You kill the jelly!
Qazlal accepts your kill.
You see here a +0 robe.
An orc warrior comes into view.
It is wielding a +0 hand axe and quivering silver boomerangs.
The orc warrior throws a silver boomerang.
The silver boomerang closely misses you.
You hear a roar!
You hear a shout!
A six-headed hydra comes into view.
You barely miss the orc warrior. The orc warrior misses you.
The orc warrior hits you with a +0 hand axe.
You closely miss the orc warrior. The orc warrior misses you.
The six-headed hydra closely misses you. x2
The six-headed hydra bites you. The six-headed hydra barely misses you.
The six-headed hydra bites you but does no damage.
The six-headed hydra bites you.
The orc warrior hits you with a +0 hand axe!
You barely miss the orc warrior.
The six-headed hydra is struck by your spines.
The six-headed hydra bites you! The six-headed hydra bites you.
The six-headed hydra closely misses you.
The six-headed hydra bites you but does no damage.
The six-headed hydra completely misses you.
The six-headed hydra closely misses you.
The orc warrior hits you with a +0 hand axe!
You feel much better.
The six-headed hydra is struck by your spines.
The six-headed hydra bites you! x3
* * * LOW HITPOINT WARNING * * *
The six-headed hydra bites you.
* * * LOW HITPOINT WARNING * * *
The six-headed hydra barely misses you. The six-headed hydra bites you.
* * * LOW HITPOINT WARNING * * *
The orc warrior hits you with a +0 hand axe!
* * * LOW HITPOINT WARNING * * *
Unknown command.
You slice one of the six-headed hydra's heads off!
The five-headed hydra grows two more!
You slash the seven-headed hydra!
The seven-headed hydra is lightly wounded.
The seven-headed hydra bites you!
You die...

.# .# .# ###.#
...# #..
#.#########
#D........#
#@#######[#
#o.######.###
#.........†.######
#....####.#.......
.....# #.#.#####.
#....# #.#.#
#...## #.#.# ....#
###.#.######
#....†......


You could see a seven-headed hydra and an orc warrior.

Vanquished Creatures
  The ghost of rocky1 the Chiller, an amateur HuIE (D:4)
  Sigmund (D:3)
  A steam dragon (D:7)
  2 water moccasins
  3 centaurs
  A phantom (D:6)
  A kobold brigand (Sewer)
  Blork the orc (D:4)
  A necrophage (D:6)
  A bullfrog (D:7)
  3 howler monkeys
  An orc priest (D:5)
  3 hounds
  A jelly (D:7)
  A gnoll shaman (D:4)
  3 iguanas
  4 orc wizards (D:5)
  5 gnolls (D:4)
  7 adders
  7 river rats (Sewer)
  3 white imps
  2 ufetubi
  2 worms
  3 dart slugs
  14 orcs
  5 ball pythons
  5 endoplasms
  4 giant cockroaches
  4 goblins
  7 hobgoblins
  5 jackals
  2 quokkas (D:6)
  6 bats
  4 frilled lizards
  18 kobolds
  20 rats
152 creatures vanquished.

Vanquished Creatures (collateral kills)
  An ice beast (D:5)
  An ogre (D:5)
  A scorpion (D:5)
3 creatures vanquished.

Vanquished Creatures (others)
  A human (D:4)
  6 plants (D:7)
  2 withered plants (D:4)
9 creatures vanquished.

Grand Total: 164 creatures vanquished

Notes
Turn   | Place    | Note
-------+----------+-------------------------------------------
     0 | D:1      | marky1606 the Demonspawn Wanderer began the quest for the
                  | Orb.
     0 | D:1      | marky1606 set off with the following items: a +2
                  | quarterstaff, a +0 short sword, a wand of polymorph (5), a
                  | scroll of blinking, a +0 leather armour
     0 | D:1      | Reached XP level 1. HP: 15/15 MP: 1/1
   151 | D:1      | Gained mutation: You have a somewhat thin skeletal
                  | structure. (Dex +2, Stealth+) [demonic ancestry]
   151 | D:1      | Reached XP level 2. HP: 12/21 MP: 2/2
   451 | D:1      | Reached skill level 1 in Polearms
  1045 | D:2      | Reached skill level 1 in Dodging
  1045 | D:2      | Reached XP level 3. HP: 27/27 MP: 3/3
  1331 | D:2      | Reached XP level 4. HP: 33/33 MP: 4/4
  1874 | D:3      | Noticed Sigmund
  1891 | D:3      | Killed Sigmund
  1892 | D:3      | Reached skill level 2 in Polearms
  1892 | D:3      | Gained mutation: You regenerate a little health from kills.
                  | [demonic ancestry]
  1892 | D:3      | Reached XP level 5. HP: 7/40 MP: 5/5
  2186 | D:3      | Found a transporter.
  2193 | D:3      | Found a transporter.
  2217 | D:3      | Found a one-way gate to the infinite horrors of the Abyss.
  2217 | D:3      | Noticed a small abomination
  2217 | D:3      | Noticed thiscave3701365's ghost (amateur MiBe)
  2405 | D:4      | Noticed Blork the orc
  2422 | D:4      | Killed Blork the orc
  2423 | D:4      | Gained mutation: You are partially covered in sharp spines.
                  | [demonic ancestry]
  2423 | D:4      | Reached XP level 6. HP: 19/47 MP: 6/6
  2568 | D:4      | Reached skill level 3 in Polearms
  2594 | D:4      | Found a runed translucent door.
  2594 | D:4      | Noticed rocky1's ghost (amateur HuIE)
  2748 | D:4      | Noticed a water moccasin
  2754 | D:4      | Killed a water moccasin
  2828 | D:4      | Gained mutation: You are mostly covered in sharp spines.
                  | [demonic ancestry]
  2828 | D:4      | Reached XP level 7. HP: 52/52 MP: 7/7
  2986 | D:4      | Found an ancient bone altar of Kikubaaqudgha.
  2988 | D:4      | Noticed a human
  2989 | D:4      | Killed a human
  3363 | D:4      | Killed rocky1's ghost
  3364 | D:4      | Reached skill level 4 in Polearms
  3438 | D:5      | Entered Level 5 of the Dungeon
  3469 | D:5      | Reached skill level 5 in Polearms
  3472 | D:5      | Gained mutation: You have a moderately thin skeletal
                  | structure. (Dex +4, Stealth++) [demonic ancestry]
  3472 | D:5      | Reached XP level 8. HP: 44/60 MP: 8/8
  3743 | D:5      | Found a staircase to the Ecumenical Temple.
  3774 | Temple   | Entered the Ecumenical Temple
  3799 | Temple   | Became a worshipper of Qazlal Stormbringer
  3921 | D:6      | Found a glowing drain.
  3941 | Sewer    | Entered a sewer
  3985 | Sewer    | Reached skill level 6 in Polearms
  4048 | Sewer    | Reached * piety under Qazlal
  4348 | D:6      | Found a blossoming altar of Fedhas.
  4411 | D:6      | Reached skill level 5 in Fighting
  4731 | D:7      | Found Maodgh's Armour Shoppe.
  4798 | D:7      | Reached ** piety under Qazlal
  4799 | D:7      | Reached skill level 7 in Polearms
  4799 | D:7      | Reached XP level 9. HP: 53/68 MP: 9/9
  4900 | D:7      | Noticed a six-headed hydra
  4904 | D:7      | HP: 1/68 [orc warrior/+0 hand axe (8)]
  4905 | D:7      | Mangled by a seven-headed hydra

Illustrated notes

Levels and vault maps discovered:
D:1:      minmay_arrival_loop, layout_loops_ring
D:2:      layout_basic
D:3:      layout_loops_ring, gammafunk_ghost_abyssal_escape, uniq_sigmund
D:4:      layout_gridville, tgw_kikubaaqudgha, gammafunk_ghost_grave,
          minmay_misc_feat_iff, uniq_blork_the_orc
D:5:      layout_rooms, minmay_temple_entry_mini_moons
D:6:      hellmonk_ruined_rings, layout_basic, mainiacjoe_overflow_alcove_1,
          portal_sewer_entry_f
D:7:      layout_loops_ring, serial_shops, nicolae_stop_n_shop_2,
          grunt_decor_one_mirror, minmay_shattered_shrine, uniq_pikel
Temple:   regret_index_temple_chain_breaker

Skill      XL: |  1  2  3  4  5  6  7  8 |
---------------+-------------------------+-----
Polearms       | 1 2 3 5 7 |  7.2
Dodging        | 1 2 3 4 |  4.9
Fighting       | 2 3 4 5 |  5.4
Armour         | 2 3 4 |  4.4
Short Blades   | |  1.7
Staves         | |  2.6
Shields        | |  0.1
Evocations     | |  3.0

Action                   |  1- 3 |  4- 6 |  7- 9 || total
-------------------------+-------+-------+-------++-------
Melee: Quarterstaff      |    89 |    20 |       ||   109
       Scythe            |       |    44 |   153 ||   197
  Use: Scroll            |     3 |     2 |     7 ||    12
       Potion            |     1 |     3 |     7 ||    11
 Stab: Sleeping          |     7 |     8 |     7 ||    22
Armor: Leather armour    |    35 |    24 |    83 ||   142
Dodge: Dodged            |    50 |    47 |   169 ||   266
Block: Other             |       |       |     7 ||     7

Table legend: (Time is in decaauts)
 A = Elapsed time spent in this place.
 B = Non-inter-level travel time spent in this place.
 C = Inter-level travel time spent in this place.
 D = Time resting spent in this place.
 E = Time spent auto-exploring this place.
 F = Levels seen in this place.
 G = Mean time per level.
                   A        B        C        D        E       F      G
               +--------+--------+--------+--------+--------+-----+--------+
         Total |   5094 |   5070 |     24 |      0 |      0 |   9 |  566.0 |
       Dungeon |   4781 |   4757 |     24 |      0 |      0 |   7 |  683.0 |
        Temple |     49 |     49 |      0 |      0 |      0 |   1 |   49.0 |
         Sewer |    263 |    263 |      0 |      0 |      0 |   1 |  263.0 |
               +--------+--------+--------+--------+--------+-----+--------+

Top non-repeatable levels by time:
     D:4: 1106 daAuts
     D:2: 947 daAuts
     D:1: 940 daAuts
     D:6: 650 daAuts
     D:3: 534 daAuts
     D:5: 417 daAuts
   Sewer: 263 daAuts
     D:7: 185 daAuts
  Temple: 49 daAuts
